 Dungeon Crawl Stone Soup version 0.21.1-1-g345015fe64 (webtiles) character file.

3574 Oravi the Transmogrifier (level 10, -8/84 HPs)
             Began as a Merfolk Transmuter on Apr 27, 2018.
             Was a Follower of Qazlal.
             Mangled by a two-headed ogre
             ... wielding a +0 giant club
              (23 damage)
             ... on level 8 of the Dungeon.
             The game lasted 00:34:44 (9702 turns).

Oravi the Transmogrifier (Merfolk Transmuter)       Turns: 9702, Time: 00:34:45

Health: -8/84      AC:  6    Str: 15    XL:     10   Next: 10%
Magic:  7/13       EV: 13    Int: 15    God:    Qazlal [*.....]
Gold:   478        SH:  1    Dex: 14    Spells: 3/13 levels left

rFire    . . .     SeeInvis .     - Unarmed
rCold    + + +     Gourm    .   (shield currently unavailable)
rNeg     . . .     Faith    .   (armour currently unavailable)
rPois    +         Spirit   .   (helmet currently unavailable)
rElec    .         Reflect  .   (cloak currently unavailable)
rCorr    .         Harm     .   (gloves currently unavailable)
MR       .....                  (boots currently unavailable)
Stlth    +.........             (no amulet)
HPRegen  0.24/turn              e - +3 ring of strength
MPRegen  0.13/turn              h - ring of protection from fire

@: ice-form, very slightly contaminated
A: large, (change form in water), (swift swim), (stealthy swim)
a: End Transformation, Renounce Religion


You were on level 8 of the Dungeon.
You worshipped Qazlal.
Qazlal was aware of your devotion.
You were not hungry.
You were a creature of crystalline ice.
You visited 2 branches of the dungeon, and saw 9 of its levels.

You collected 478 gold pieces.

Inventory:

Missiles
 a - 127 arrows
 f - 74 sling bullets
 g - 354 stones (quivered)
Armour
 b - a +1 robe
 n - a +0 cloak (melded)
 w - a +2 robe of cold resistance (melded)
 B - a +0 pair of boots
Jewellery
 e - a +3 ring of strength (left front paw)
 h - a ring of protection from fire (right front paw)
 r - a cursed -2 ring of strength
 u - an uncursed ring of protection from fire
Wands
 o - a wand of disintegration (7)
 v - a wand of polymorph (15)
 x - a wand of enslavement (13)
Scrolls
 l - a scroll of blinking
 q - 2 scrolls of remove curse
 t - 3 scrolls of teleportation
 y - a scroll of fog
Potions
 i - 3 potions of agility
 j - 3 potions of heal wounds
 k - a potion of curing {unknown}
 m - a potion of ambrosia
 p - a potion of invisibility {unknown}
 s - a potion of lignification {unknown}
 z - 2 potions of flight {unknown}
Books
 c - a book of Changes

   Spells                             Type                      Level
   a - Beastly Appendage              Transmutation                1
   b - Sticks to Snakes               Transmutation                2
   c - Spider Form                    Transmutation/Poison         3
   d - Ice Form                       Ice/Transmutation            4
   e - Blade Hands                    Transmutation                5
Comestibles
 d - 8 rations
 A - a chunk of flesh


   Skills:
 + Level 3.1 Fighting
 + Level 6.6 Dodging
 + Level 9.8 Unarmed Combat
 - Level 2.0 Spellcasting
 * Level 11.0 Transmutations
 * Level 4.8 Ice Magic
 - Level 3.0 Poison Magic


You had 3 spell levels left.
You knew the following spells:

 Your Spells              Type           Power        Failure   Level  Hunger
a - Beastly Appendage     Tmut           ####..       1%          1    #......
b - Sticks to Snakes      Tmut           ####....     1%          2    ###....
c - Spider Form           Tmut/Pois      ###.......   3%          3    ###....
d - Ice Form              Ice/Tmut       ####....     9%          4    #####..


Dungeon Overview and Level Annotations

Branches:
Dungeon (8/15)             Temple (1/1) D:7
   Lair: D:8-11

Altars:
Cheibriados
Dithmenos
Elyvilon
Fedhas
Gozag
Hepliaklqana
Kikubaaqudgha
Makhleb
Nemelex Xobeh
Okawaru
Qazlal
Ru
Sif Muna
Trog
Uskayaw
Vehumet
Wu Jian
Xom
Yredelemnul
Zin
The Shining One

Shops:
D:5 *

Annotations:
D:3 Dickchan's ghost, amateur DrTm


Message History

You kill the yak!
Qazlal accepts your kill.
Your Transmutations skill increases to level 11!
Things that are here:
a yak corpse x2
You butcher the yak corpse.
Things that are here:
a yak corpse; a chunk of flesh You butcher the yak corpse.
Things that are here:
2 chunks of flesh; a chunk of flesh There isn't anything to butcher here.
There isn't anything to butcher here.
A - a chunk of flesh You pummel the two-headed ogre!!
You freeze the two-headed ogre.
The two-headed ogre is heavily wounded.
The two-headed ogre hits you with a giant club!!
* * * LOW HITPOINT WARNING * * *
The two-headed ogre hits you with a giant club!!
You die...

*,,,,,#..........###...# ##.....
..........(......###...## ####..
........................#######..
........................#........
.###########.................##..
,*,*,*,*,#.#.........).......#...
**,*,*,*,#.#.....(≈..............
**,*.#.#+#.#...O≈≈≈≈......#......
**,...Y....'...≈Y≈≈≈..........##.
≈≈≈≈Y≈≈≈≈≈≈'≈≈≈≈≈≈≈≈≈.....###..#.
**,.Y......'...≈≈≈≈≈...##.# #..#.
**,#+#.#+#+#.....≈≈....##.###....
**,*,#.*,*,#..............##..##.
,*,*,#,*,*,#..............##.###.
,**********#.....................
,,,,,,,,,,...................###.
,,,,,,,,,,................##.# #.


You could see a two-headed ogre.

Vanquished Creatures
  Psyche (D:8)
  A hippogriff (D:7)
  6 yaks (D:8)
  Duvessa (D:7)
  A sky beast (D:8)
  2 phantoms (D:6)
  2 ice beasts
  2 centaurs (D:7)
  3 bullfrogs
  Dowan (D:7)
  3 scorpions
  5 killer bees
  An electric eel (D:8)
  A howler monkey (D:6)
  3 crimson imps
  2 bullfrog zombies
  A hound (D:4)
  2 jellies
  An orc wizard (D:5)
  4 orc priests
  A bullfrog skeleton (D:5)
  Ijyb (D:3)
  3 iguanas
  2 worker ants
  A killer bee zombie (D:8)
  2 hound zombies
  8 adders
  A shadow imp (D:6)
  An ooze (D:2)
  9 worms
  A dart slug (D:1)
  3 leopard geckos
  23 orcs
  6 bats
  6 giant cockroaches
  7 goblins
  10 hobgoblins
  16 jackals
  2 quokkas
  3 ball pythons
  7 frilled lizards
  2 jackal skeletons
  5 kobolds
  7 rats
170 creatures vanquished.

Notes
Turn   | Place    | Note
-------+----------+-------------------------------------------
     0 | D:1      | Oravi the Merfolk Transmuter began the quest for the Orb.
     0 | D:1      | Reached XP level 1. HP: 15/15 MP: 3/3
    40 | D:1      | Reached skill level 3 in Transmutations
   116 | D:1      | Reached XP level 2. HP: 20/21 MP: 3/5
   609 | D:1      | Reached XP level 3. HP: 26/26 MP: 4/6
   613 | D:1      | Learned a level 2 spell: Sticks to Snakes
   617 | D:1      | Learned a level 3 spell: Spider Form
  1045 | D:2      | Reached skill level 4 in Transmutations
  1221 | D:2      | Reached XP level 4. HP: 32/32 MP: 3/7
  1374 | D:2      | Found an ancient bone altar of Kikubaaqudgha.
  1839 | D:3      | Noticed Ijyb
  1914 | D:3      | Killed Ijyb
  1914 | D:3      | Reached skill level 1 in Poison Magic
  2109 | D:3      | Reached XP level 5. HP: 19/37 MP: 4/8
  2263 | D:3      | Reached skill level 5 in Transmutations
  2564 | D:3      | Noticed Dickchan's ghost (amateur DrTm)
  3261 | D:3      | Reached XP level 6. HP: 25/43 MP: 5/9
  3629 | D:4      | Reached skill level 5 in Unarmed Combat
  4013 | D:4      | Reached skill level 6 in Transmutations
  4044 | D:4      | Found a bloodstained altar of Trog.
  4098 | D:4      | Found a sparkling altar of Nemelex Xobeh.
  4138 | D:4      | Noticed a phantom
  4970 | D:5      | Entered Level 5 of the Dungeon
  4986 | D:4      | Reached XP level 7. HP: 48/48 MP: 7/10
  5595 | D:5      | Reached skill level 7 in Transmutations
  5658 | D:5      | Found Oxzad's General Store.
  6327 | D:6      | Reached XP level 8. HP: 48/56 MP: 8/11
  6333 | D:6      | Learned a level 4 spell: Ice Form
  6464 | D:6      | Found a bloodstained altar of Trog.
  6517 | D:6      | Reached skill level 8 in Transmutations
  6800 | D:6      | Reached skill level 1 in Ice Magic
  6950 | D:6      | Reached skill level 5 in Dodging
  7372 | D:6      | Found a glowing golden altar of the Shining One.
  7601 | D:7      | Noticed Duvessa
  7606 | D:7      | Noticed Dowan
  7616 | D:7      | Killed Duvessa
  7616 | D:7      | Reached skill level 9 in Transmutations
  7624 | D:7      | Killed Dowan
  7784 | D:7      | Found a deep blue altar of Sif Muna.
  7866 | D:7      | Noticed a hippogriff
  7878 | D:7      | Killed a hippogriff
  7878 | D:7      | Reached XP level 9. HP: 23/61 MP: 9/12
  8240 | D:7      | Found a stormy altar of Qazlal.
  8248 | D:7      | Became a worshipper of Qazlal Stormbringer
  8666 | D:7      | Found a staircase to the Ecumenical Temple.
  8675 | Temple   | Entered the Ecumenical Temple
  8888 | D:8      | Noticed Psyche
  8895 | D:8      | Killed Psyche
  9013 | D:7      | Reached skill level 10 in Transmutations
  9311 | D:8      | Found a glowing golden altar of the Shining One.
  9621 | D:8      | Reached * piety under Qazlal
  9621 | D:8      | Reached XP level 10. HP: 18/70 MP: 8/13
  9683 | D:8      | Noticed a two-headed ogre
  9694 | D:8      | Reached skill level 11 in Transmutations
  9702 | D:8      | Mangled by a two-headed ogre

Skill      XL: |  1  2  3  4  5  6  7  8  9 10 |
---------------+-------------------------------+-----
Transmutations | 3 4 5 6 7 9 10 11 | 11.0
Dodging        | 3 4 5 6 |  6.6
Unarmed Combat | 4 5 6 7 9 |  9.8
Poison Magic   | 1 2 3 |  3.0
Fighting       | 2 3 |  3.1
Ice Magic      | 2 4 |  4.8
Spellcasting   | |  2.0

Action                   |  1- 3 |  4- 6 |  7- 9 | 10-12 || total
-------------------------+-------+-------+-------+-------++-------
Melee: Unarmed           |   123 |   177 |   282 |     5 ||   587
       Headbutt          |     4 |     2 |       |       ||     6
       Punch             |     4 |       |       |       ||     4
Throw: Stone             |     5 |    14 |     3 |       ||    22
 Cast: Beastly Appendage |    13 |     5 |       |       ||    18
       Spider Form       |    10 |    32 |    38 |       ||    80
       Sticks to Snakes  |       |     6 |     7 |       ||    13
       Ice Form          |       |       |     3 |     1 ||     4
 Abil: End Transformatio |       |       |     1 |       ||     1
Evoke: Wand              |       |       |     1 |       ||     1
  Use: Scroll            |       |    11 |     3 |       ||    14
       Potion            |       |       |     1 |       ||     1
 Stab: Sleeping          |     3 |     1 |     1 |       ||     5
  Eat: Chunk             |     3 |    13 |    13 |       ||    29
       Ration            |       |     1 |     2 |     1 ||     4
Armor: Robe              |    12 |     4 |     6 |     1 ||    23
       Skin              |     1 |     5 |    10 |     1 ||    17
Dodge: Dodged            |    87 |   122 |   264 |     7 ||   480
